 Dungeon Crawl Stone Soup version 0.25.0-1-g7eea58d2a3 (webtiles) character file.

Game seed: 11674912641745990331

153 gruber the Chopper (level 5, 0/45 HPs)
             Began as a Hill Orc Fighter on June 14, 2020.
             Slain by an orc priest
             ... wielding a +0 short sword
              (3 damage)
             ... on level 3 of the Dungeon.
             The game lasted 00:01:43 (2341 turns).

gruber the Chopper (Hill Orc Fighter)               Turns: 2341, Time: 00:01:44

Health: 0/45       AC:  6    Str: 20    XL:     5   Next: 35%
Magic:  5/5        EV:  7    Int:  8    God:
Gold:   41         SH:  9    Dex: 10    Spells: 4/4 levels left

rFire    . . .     SeeInvis .   a - +0 war axe
rCold    . . .     Gourm    .   c - +0 kite shield
rNeg     . . .     Faith    .   b - +0 scale mail
rPois    .         Spirit   .   (no helmet)
rElec    .         Reflect  .   (no cloak)
rCorr    .         Harm     .   (no gloves)
MR       .....                  (no boots)
Stlth    ..........             (no amulet)
HPRegen  0.15/turn              (no ring)
MPRegen  0.09/turn              (no ring)

@: no status effects
A: no striking features
a: Convert to Beogh


You were on level 3 of the Dungeon.
You were not hungry.

You visited 1 branch of the dungeon, and saw 3 of its levels.

You collected 41 gold pieces.

Inventory:

Hand Weapons
 a - a +0 war axe (weapon)
Armour
 b - a +0 scale mail (worn)
 c - a +0 kite shield (worn)
Scrolls
 e - 4 scrolls of identify {unknown}
 h - 3 scrolls of remove curse {unknown}
 j - a scroll of immolation {unknown}
 m - 2 scrolls of blinking {unknown}
 n - a scroll of amnesia {unknown}
 q - a scroll of teleportation {unknown}
Potions
 d - a potion of might
 i - 2 potions of curing {unknown}
 k - a potion of resistance {unknown}
 l - a potion of flight {unknown}
 o - a potion of degeneration {unknown}
 p - a potion of invisibility {unknown}
Comestibles
 f - 4 rations
 g - 6 chunks of flesh


   Skills:
 - Level 3.6 Fighting
 + Level 7.1 Axes
 - Level 3.2 Armour
 - Level 3.2 Shields


You had 4 spell levels left.
You didn't know any spells.
Your spell library was empty.

Dungeon Overview and Level Annotations

Branches:
Dungeon (3/15)

Altars:
Trog


Message History

You closely miss the orc priest.
The orc priest is heavily wounded.
You hit the orc.
You kill the orc!
The orc priest shouts, "Join the one true god or die!"
The orc priest invokes the aid of Beogh against you.
Pain shoots through your body!
* * * LOW HITPOINT WARNING * * *
Unknown command.
You barely miss the orc priest.
The orc priest is heavily wounded.
The orc priest shouts, "Join the one true god or die!"
You block the orc priest's attack. x2
You hit the orc priest but do no damage.
The orc priest is heavily wounded.
The orc priest hits you but does no damage.
Your shield prevents you from hitting the orc priest.
The orc priest is heavily wounded.
The orc priest hits you with a +0 short sword.
You die...

#> ..>## #.
..... #.
#.#.# #.
....#
#.##..#)#
.......##
#o)......
#@#. #.#.## #
#.#..# .#
#.##.# .# ..
#.##.##.# ...
#.......#...≈
####.#.....≈≈
##.#..##..
#.#..)#


You could see an orc priest.

Vanquished Creatures
  An orc wizard (D:3)
  A gnoll (D:1)
  3 adders (D:2)
  3 worms
  2 dart slugs (D:1)
  A leopard gecko (D:2)
  7 orcs (D:3)
  10 bats
  2 giant cockroaches (D:1)
  3 hobgoblins
  5 jackals (D:2)
  8 kobolds (D:1)
  A quokka (D:3)
  3 ball pythons
  2 frilled lizards (D:1)
  9 goblins
  6 rats
67 creatures vanquished.

Notes
Turn   | Place    | Note
-------+----------+-------------------------------------------
     0 | D:1      | gruber the Hill Orc Fighter began the quest for the Orb.
     0 | D:1      | Reached XP level 1. HP: 19/19 MP: 1/1
    40 | D:1      | Reached skill level 3 in Axes
   334 | D:1      | Reached XP level 2. HP: 26/26 MP: 2/2
   356 | D:1      | Reached skill level 4 in Axes
   631 | D:1      | Reached XP level 3. HP: 31/31 MP: 3/3
   713 | D:1      | Reached skill level 5 in Axes
  1198 | D:2      | Reached XP level 4. HP: 14/39 MP: 4/4
  1630 | D:2      | Reached skill level 6 in Axes
  1700 | D:2      | Found a bloodstained altar of Trog.
  2125 | D:3      | Reached skill level 7 in Axes
  2125 | D:3      | Reached XP level 5. HP: 31/45 MP: 5/5
  2338 | D:3      | HP: 2/45 [orc priest/nerve-wracking pain (14)]
  2341 | D:3      | Slain by an orc priest

Illustrated notes

Levels and vault maps discovered:
D:1:      erik_arrival_orb_chamber, layout_basic, chequers_arboretum,
          minmay_misc_feat_x, minmay_misc_feat_encased
D:2:      layout_rooms, trog_three_pillars_becter
D:3:      layout_loops_cross, elyvilon_altar_3, cheibriados_altar_1,
          first_ration, kennysheep_generic_room_7

Skill      XL: |  1  2  3  4 |
---------------+-------------+-----
Axes           | 3 4 5 7 |  7.1
Fighting       | |  3.6
Armour         | |  3.2
Shields        | |  3.2

Action                   |  1- 3 |  4- 6 || total
-------------------------+-------+-------++-------
Melee: War axe           |    96 |    97 ||   193
  Eat: Chunk             |     1 |     4 ||     5
Armor: Scale mail        |    42 |    38 ||    80
Dodge: Dodged            |    28 |    26 ||    54
Block: Kite shield       |    65 |    48 ||   113
